 Dungeon Crawl Stone Soup version 0.29.0-4-gdea44cf6ec (webtiles) character file.

Game seed: 16217618188415517181

162 qw the Chopper (level 5, -1/30 HPs)
             Began as a Tengu Warper on Aug 28, 2022.
             Slain by Natasha (5 damage)
             ... on level 2 of the Dungeon.
             The game lasted 00:00:12 (2338 turns).

qw the Chopper (Tengu Warper)                       Turns: 2338, Time: 00:00:13

Health: -1/30      AC:  4    Str: 14    XL:     5   Next: 43%
Magic:  9/9        EV: 13    Int: 13    God:
Gold:   79         SH:  4    Dex: 13    Spells: 8/8 levels left

rFire   . . .      SeeInvis .   Y - +0 hand axe
rCold   . . .      Faith    .   m - +0 buckler
rNeg    . . .      Spirit   .   b - +0 leather armour
rPois   .          Reflect  .   (helmet restricted)
rElec   .          Harm     .   f - +0 cloak
rCorr   .          Rampage  .   (no gloves)
Will    .....                   (boots unavailable)
Stlth   +.........              (no amulet)
HPRegen 0.10/turn               (no ring)
MPRegen 0.11/turn               (no ring)

@: about to teleport, flying quickly and evasively, slowed, very slow
A: beak, talons 3, nimble flight
a: no special abilities


You were on level 2 of the Dungeon.
You visited 1 branch of the dungeon, and saw 2 of its levels.

You collected 79 gold pieces.


Innate Abilities, Weirdness & Mutations

You have a beak for a mouth.
You have claws for feet.
Your magical nature lets you fly swiftly and evasively.


   Skills:
 - Level 2.0 Fighting
 + Level 5.8 Axes
 - Level 1.0 Throwing
 - Level 1.1 Armour
 - Level 2.1 Dodging
 - Level 1.0 Shields
 - Level 2.0 Spellcasting
 - Level 2.4 Translocations


You had 8 spell levels left.
You didn't know any spells.
Your spell library contained the following spells:

 Spells                   Type           Power      Damage    Failure   Level
 Blink                    Tloc           14%        N/A       24%         2
 Gell's Gravitas          Tloc           7%         N/A       43%         3
 Lesser Beckoning         Tloc           7%         N/A       43%         3
 Teleport Other           Tloc           7%         N/A       43%         3
 Manifold Assault         Tloc           7%         N/A       99%         5

Inventory:

Hand Weapons
 k - a +0 whip
 Y - a +0 hand axe (weapon)
Missiles
 l - 4 boomerangs (quivered)
Armour
 b - a +0 leather armour (worn)
 f - a +0 cloak (worn)
 j - a +1 pair of gloves
 m - a +0 buckler (worn)
Scrolls
 a - a scroll of acquirement {unknown}
 c - 2 scrolls of amnesia {unknown}
 h - a scroll of identify
 o - a scroll of magic mapping {unknown}
 p - a scroll of silence {unknown}
Potions
 e - a potion of cancellation {unknown}
 g - a potion of attraction {unknown}
 i - a potion of might
 n - a potion of curing {unknown}

Dungeon Overview and Level Annotations

Branches:
Dungeon (2/15)

Altars:

Annotations:
D:1 1 runed translucent door
D:2 Natasha


Message History

Natasha stares at you and mumbles some strange words.
The magic dart hits you.
You hit Natasha but do no damage. Your peck misses Natasha.
Natasha howls an incantation.
Natasha glows brightly for a moment.
Natasha casts a spell at you.
You feel yourself slow down.
You closely miss Natasha. Your kick misses Natasha.
You barely miss the crimson imp. The crimson imp barely misses you.
Natasha howls an incantation.
Natasha shimmers violently.
Natasha claws you.
The crimson imp hits you but does no damage.
Natasha closely misses you.
You barely miss Natasha. Your kick misses Natasha. Your peck misses Natasha.
You hit the crimson imp but do no damage.
The crimson imp blinks!
Natasha barely misses you.
You hit Natasha. You claw Natasha! You peck Natasha.
Natasha is severely wounded.
Natasha barely misses you.
The crimson imp blinks!
Natasha claws you.
You closely miss Natasha.
Natasha is severely wounded.
Natasha casts a spell.
You closely miss Natasha. Your kick misses Natasha.
Natasha is severely wounded.
You barely miss the iron imp.
Natasha stares at you and mumbles some strange words.
The magic dart hits you! You block Natasha's attack.
The iron imp closely misses you.
You hit Natasha. You claw Natasha, but do no damage. Your peck misses Natasha.
Natasha is almost dead.
You hit the iron imp but do no damage. Natasha closely misses you.
The iron imp hits you!
Natasha casts a spell.
2338 ||| READING scroll of teleportation.
As you read the scroll of teleportation, it crumbles to dust.
You feel strangely unstable. The iron imp closely misses you.
Natasha claws you.
You die...

#### ... # #####.####.#
.......><..#
###.#...########
#.#.)....... #h#.########
#.@.........
########55########
#.................
#.####...######### #######
#.# #.###########
#.....###'####...........#
#..........##...########.#
#..........##...# #.#
#####......##.### #.#


You could see an iron imp (summoned), Natasha and a crimson imp (summoned).

Vanquished Creatures
  Natasha (twice) (D:2)
  7 adders (D:2)
  2 worms (D:2)
  3 bats
  2 endoplasms
  3 giant cockroaches
  4 goblins (D:1)
  5 hobgoblins
  6 kobolds
  A quokka (D:1)
  5 ball pythons
  A frilled lizard (D:2)
  7 rats
48 creatures vanquished.

Vanquished Creatures (others)
  2 plants (D:1)
2 creatures vanquished.

Grand Total: 50 creatures vanquished

Notes
Turn   | Place    | Note
-------+----------+-------------------------------------------
     0 | D:1      | qw the Tengu Warper began the quest for the Orb.
     0 | D:1      | Reached XP level 1. HP: 12/12 MP: 4/4
     0 | D:1      | 0 ||| qw: Version: 0.1-a-89-g26bdef1
     0 | D:1      | 0 ||| qw: Game counter: 1899
     0 | D:1      | 0 ||| qw: Always use a shield: true
     0 | D:1      | 0 ||| qw: God list: Okawaru
     0 | D:1      | 0 ||| qw: Allow faded altars: false
     0 | D:1      | 0 ||| qw: Do Orc after D:15 true
     0 | D:1      | 0 ||| qw: Do second Lair branch before Depths: true
     0 | D:1      | 0 ||| qw: Lair rune preference: random
     0 | D:1      | 0 ||| qw: Plans: Normal
     0 | D:1      | 0 ||| PLANNING D:1-11
     1 | D:1      | Found a runed translucent door.
     2 | D:1      | Noticed a jelly
   166 | D:1      | Reached skill level 3 in Axes
   166 | D:1      | Reached XP level 2. HP: 17/17 MP: 6/6
   166 | D:1      | 166 ||| Stepping ~*~*~tactically~*~*~ (stealth).
   222 | D:1      | 222 ||| Stepping ~*~*~tactically~*~*~ (stealth).
   245 | D:1      | 245 ||| DROPPING +0 club.
   251 | D:1      | Found a faded altar of an unknown god.
   888 | D:1      | 888 ||| UPGRADING to +0 cloak.
   893 | D:1      | 893 ||| UPGRADING to +0 buckler.
   898 | D:1      | 898 ||| READING scroll labelled PICWYNYROT.
   899 | D:1      | 899 ||| READING 2 scrolls labelled YCHAIVASCHO.
   900 | D:1      | 900 ||| READING scroll labelled RYB ZEUZIUCUCU.
   928 | D:1      | 928 ||| DRINKING 2 murky silvery potions.
   929 | D:1      | 929 ||| DROPPING scroll of blinking.
  1004 | D:2      | Reached XP level 3. HP: 20/21 MP: 7/7
  1012 | D:2      | Reached skill level 1 in Shields
  1230 | D:2      | 1230 ||| Stepping ~*~*~tactically~*~*~ (stealth).
  1247 | D:2      | 1247 ||| Stepping ~*~*~tactically~*~*~ (stealth).
  1264 | D:2      | Reached skill level 4 in Axes
  1372 | D:2      | 1372 ||| Stepping ~*~*~tactically~*~*~ (stealth).
  1378 | D:2      | Reached XP level 4. HP: 26/26 MP: 8/8
  1439 | D:2      | 1439 ||| Stepping ~*~*~tactically~*~*~ (stealth).
  1540 | D:2      | Noticed Natasha
  1541 | D:2      | 1541 ||| Stepping ~*~*~tactically~*~*~ (hiding).
  1643 | D:2      | 1643 ||| Stepping ~*~*~tactically~*~*~ (hiding).
  1644 | D:2      | 1644 ||| Stepping ~*~*~tactically~*~*~ (hiding).
  1652 | D:2      | Killed Natasha
  1653 | D:2      | Reached skill level 5 in Axes
  1889 | D:2      | Gained mutation: Your magical nature lets you fly swiftly
                  | and evasively. [Tengu growth]
  1889 | D:2      | Reached XP level 5. HP: 19/30 MP: 9/9
  1994 | D:2      | 1994 ||| Stepping ~*~*~tactically~*~*~ (stealth).
  2122 | D:2      | Noticed Natasha
  2126 | D:2      | 2126 ||| Stepping ~*~*~tactically~*~*~ (hiding).
  2127 | D:2      | 2127 ||| Stepping ~*~*~tactically~*~*~ (hiding).
  2128 | D:2      | 2128 ||| Stepping ~*~*~tactically~*~*~ (hiding).
  2137 | D:2      | Killed Natasha
  2327 | D:2      | Noticed Natasha
  2328 | D:2      | 2328 ||| Stepping ~*~*~tactically~*~*~ (hiding).
  2337 | D:2      | HP: 4/30 [iron imp[Natasha] (9)]
  2338 | D:2      | 2338 ||| READING scroll of teleportation.
  2338 | D:2      | Slain by Natasha

Levels and vault maps discovered:
D:1:      dpeg_arrival_caged_fury, layout_loops_ring,
          shapermc_ecumenical_altar_mp_ritualfount,
          chequers_serial_rivers_micro_b
D:2:      layout_basic, minmay_hexomino_u4, uniq_natasha

Skill      XL: |  1  2  3  4 |
---------------+-------------+-----
Axes           | 3 4 5 |  5.8
Shields        | 1 |  1.0
Fighting       | |  2.0
Throwing       | |  1.0
Armour         | |  1.1
Dodging        | |  2.1
Spellcasting   | |  2.0
Translocations | |  2.4

Action                   |  1- 3 |  4- 6 || total
-------------------------+-------+-------++-------
Melee: Hand axe          |    62 |    70 ||   132
       Kick              |    17 |    15 ||    32
       Peck              |     6 |    13 ||    19
Throw: Boomerang         |    27 |    17 ||    44
  Use: Scroll            |     3 |     1 ||     4
       Potion            |     1 |       ||     1
Armor: Leather armour    |     8 |    19 ||    27
Dodge: Dodged            |    21 |    50 ||    71
Block: Buckler           |     6 |    10 ||    16

Table legend:
 A = Non-vault XP
 B = Vault XP
 C = Vault XP percentage of total XP
 D = Non-vault monster count
 E = Vault monster count
 F = Vault count percentage of total count
                 A         B        C        D         E       F
            +---------+---------+-------+---------+---------+-------
      Total |     179 |      53 |  22.8 |      43 |       5 |  10.4
            +---------+---------+-------+---------+---------+-------
        D:1 |      28 |       0 |   0.0 |      18 |       0 |   0.0
        D:2 |     151 |      53 |  26.0 |      25 |       5 |  16.7
            +---------+---------+-------+---------+---------+-------
